 Dungeon Crawl Stone Soup version 0.29.1-12-g30fa7ad0bf (webtiles) character file.

Game seed: 11733689156316503494

756 RapScallion the Chopper (level 7, 0/61 HPs)
             Began as a Hill Orc Fighter on Jan 18, 2023.
             Succumbed to a kobold brigand's poison
             ... on level 5 of the Dungeon.
             The game lasted 00:14:33 (4339 turns).

RapScallion the Chopper (Hill Orc Fighter)          Turns: 4339, Time: 00:14:33

Health: 0/61       AC:  8    Str: 21    XL:     7   Next: 79%
Magic:  7/7        EV:  9    Int: 14    God:
Gold:   162        SH:  9    Dex: 10    Spells: 6/6 levels left

rFire   . . .      SeeInvis .   a - +0 war axe
rCold   . . .      Faith    .   c - +0 buckler
rNeg    . . .      Spirit   .   b - +0 scale mail
rPois   .          Reflect  +   n - +0 helmet
rElec   .          Harm     .   (no cloak)
rCorr   +          Rampage  .   (no gloves)
Will    .....                   (no boots)
Stlth   ..........              s - amulet of reflection
HPRegen 0.20/turn               h - +6 ring of intelligence
MPRegen 0.10/turn               p - ring of resist corrosion

@: lethally poisoned (0 -> -3), on berserk cooldown, slowed, very slow
A: no striking features
a: no special abilities


You were on level 5 of the Dungeon.
You visited 1 branch of the dungeon, and saw 6 of its levels.

You collected 162 gold pieces.

Inventory:

Hand Weapons
 a - a +0 war axe (weapon)
 u - a +4 whip
Armour
 b - a +0 scale mail (worn)
 c - a +0 buckler (worn)
 n - a +0 helmet (worn)
Jewellery
 h - a +6 ring of intelligence (left hand)
 p - a ring of resist corrosion (right hand)
 s - an amulet of reflection (around neck)
Wands
 r - a wand of mindburst (9)
Scrolls
 e - a scroll of immolation {unknown}
 f - a scroll of identify
 g - a scroll of teleportation {unknown}
 l - 2 scrolls of torment {unknown}
 m - a scroll of magic mapping {unknown}
 o - 2 scrolls of silence
 q - a scroll of noise {unknown}
 t - a scroll of enchant weapon {unknown}
Potions
 d - 2 potions of might
 i - a potion of berserk rage
 j - a potion of invisibility
 k - a potion of mutation


   Skills:
 + Level 5.0 Fighting
 + Level 7.9 Axes
 + Level 5.7 Armour
 - Level 0.8 Dodging
 + Level 4.5 Shields


You had 6 spell levels left.
You didn't know any spells.
Your spell library contained the following spells:

 Spells                   Type           Power      Damage    Failure   Level
 Summon Guardian Golem    Hex/Summ       0%         N/A       96%         3
 Orb of Destruction       Conj           0%         9d5       100%        7
 Spellforged Servitor     Conj/Summ      0%         N/A       100%        7


Dungeon Overview and Level Annotations

Branches:
Dungeon (6/15)
 Temple: D:4-7

Altars:
Ashenzari

Shops:
D:2 (


Message History

The kobold brigand is severely wounded.
You feel sick. The kobold brigand barely misses you.
You block the kobold brigand's attack.
A red film seems to cover your vision as you go berserk!
You feel yourself moving faster!
You feel mighty!
You feel sick.
The kobold brigand hits you but does no damage.
You are more poisoned.
You slash the kobold brigand!
You kill the kobold brigand!
You feel very sick.
Your Fighting skill increases to level 5!
Found a glowing blue potion.
You feel sick. You block the wight's attack.
There is an open door, spattered with blood here.
Things that are here:
a +0 dagger of venom; 2 poisoned darts; a kobold corpse You hit the wight.
The wight is moderately damaged.
You feel sick.
The wight hits you with a +4 dire flail!
* * * LOW HITPOINT WARNING * * *
You feel drained.
* * * LOW HITPOINT WARNING * * *
You slash the wight!
You destroy the wight!
* * * LOW HITPOINT WARNING * * *
You feel sick.
Your life force feels restored.
* * * LOW HITPOINT WARNING * * *
You feel sick.
You feel a strong urge to attack something.
* * * LOW HITPOINT WARNING * * *
You feel sick.
* * * LOW HITPOINT WARNING * * *
You feel sick.
You feel your anger nearly subside.
You are no longer berserk.
You are exhausted.
You feel yourself slow down.
* * * LOW HITPOINT WARNING * * *
You feel sick.
You die...

#####################
#?)/#.....#.....#....
#.:.#..†..#.....#....
#$)!#..#..#..#..#..#.
#)###..#..#..#..#..#.
#......#.....#..)..#.
#...@..#.....#.....#.
####################.
.................
.................
####################.
#......#.....#.....#.
#......#.....#..(..#.
#+###..#..#).#..#..#.
#..#..#..#).#..#.


There were no monsters in sight!

Vanquished Creatures
  A kobold brigand (D:5)
  2 necrophages (D:5)
  2 scorpions (D:5)
  A wight (D:5)
  2 orc priests (D:3)
  2 hounds (D:5)
  A gnoll bouda (D:5)
  An iguana (D:6)
  Natasha (twice) (D:3)
  An orc wizard (D:5)
  6 adders
  A white imp (D:5)
  An ufetubus (D:5)
  4 worms
  2 dart slugs
  5 orcs
  6 bats
  3 endoplasms (D:1)
  5 goblins
  3 hobgoblins (D:2)
  10 kobolds
  3 quokkas
  5 ball pythons (D:1)
  4 frilled lizards
  5 rats
78 creatures vanquished.

Vanquished Creatures (others)
  2 plants (D:2)
2 creatures vanquished.

Grand Total: 80 creatures vanquished

Notes
Turn   | Place    | Note
-------+----------+-------------------------------------------
     0 | D:1      | RapScallion the Hill Orc Fighter began the quest for the
                  | Orb.
     0 | D:1      | Reached XP level 1. HP: 19/19 MP: 1/1
    39 | D:1      | Reached skill level 3 in Axes
   323 | D:1      | Reached XP level 2. HP: 27/27 MP: 2/2
  1051 | D:2      | Found Wesoplauj's Weapon Shop.
  1207 | D:2      | Reached XP level 3. HP: 16/33 MP: 3/3
  1659 | D:2      | Found a faded altar of an unknown god.
  1769 | D:2      | Reached skill level 4 in Axes
  1961 | D:2      | Reached XP level 4. HP: 28/40 MP: 4/4
  2525 | D:3      | Reached skill level 5 in Axes
  2525 | D:3      | Reached XP level 5. HP: 29/46 MP: 5/5
  2684 | D:3      | Noticed Natasha
  2694 | D:3      | Killed Natasha
  3139 | D:3      | Found a broken altar of Ashenzari.
  3208 | D:3      | Noticed Natasha
  3213 | D:3      | Killed Natasha
  3329 | D:4      | Reached XP level 6. HP: 51/53 MP: 6/6
  3467 | D:4      | You fall into a shaft and drop 2 floors!
  3637 | D:5      | Entered Level 5 of the Dungeon
  3641 | D:5      | Reached skill level 6 in Axes
  3850 | D:5      | Reached skill level 5 in Armour
  3850 | D:5      | Reached XP level 7. HP: 59/60 MP: 7/7
  3863 | D:5      | Reached skill level 7 in Axes
  4332 | D:5      | Reached skill level 5 in Fighting
  4335 | D:5      | HP: 4/91 [poisoned by a kobold brigand]
  4338 | D:5      | HP: 1/61 [poisoned by a kobold brigand]
  4339 | D:5      | Succumbed to a kobold brigand's poison

Illustrated notes

Levels and vault maps discovered:
D:1:      amcnicky_arrival_blooded_trapdoor, layout_basic, serial_bayou_lake_a
D:2:      kennysheep_six_static_rooms, layout_basic, serial_shops, shop,
          ebering_ecumenical_altar_rust, serial_forest,
          infiniplex_forest_lined_ring, infiniplex_forest_end_3,
          infiniplex_forest_clump_medium, infiniplex_forest_end_3,
          infiniplex_forest_lined_2, infiniplex_forest_end_2
D:3:      layout_basic, cheibrodos_ashenzari_chains,
          hangedman_abyss_or_decor_stabs, corner_web_ring, uniq_natasha
D:4:      layout_cave_pods, nicolae_qazlal_scattered_showers,
          nicolae_overflow_hidden_temple, mainiacjoe_overflow_24_doors,
          serial_glass, glass_columns_b, glass_columns_b, serial_bayou_pond_d,
          grunt_ministairs_6, grunt_decor_resistance, nicolae_stop_n_shop_1,
          nicolae_shop_dragon_depot, uniq_duvessa
D:5:      kennysheep_windowed_halls, layout_loops_ring,
          nicolae_uskayaw_en_pointe, chequers_mini_garden
D:6:      layout_rooms

Skill      XL: |  1  2  3  4  5  6  7 |
---------------+----------------------+-----
Axes           | 3 4 5 6 7 |  7.9
Fighting       | 4 5 |  5.0
Armour         | 4 5 |  5.7
Shields        | 4 |  4.5
Dodging        | |  0.8

Action                   |  1- 3 |  4- 6 |  7- 9 || total
-------------------------+-------+-------+-------++-------
Melee: War axe           |   108 |   112 |    53 ||   273
  Use: Scroll            |       |     4 |       ||     4
       Potion            |       |       |     1 ||     1
Armor: Scale mail        |    56 |    50 |    17 ||   123
Dodge: Dodged            |    50 |    34 |    11 ||    95
Block: Buckler           |    29 |    45 |    23 ||    97
